Map: Fire Emblem: Fates

Players

Yata

  • Race: Protoss Protoss
  • League: Platinum
  • Spawn Location: 1:00

Kronos

  • Race: Terran Terran
  • Spawn Location: 11:00

LongestBoi

  • Race: Protoss Protoss

VOD

Have the link to the VOD?

Description

Time

  • Played on: Nov. 8, 2017, 9:14 p.m.
  • Length: 4:47
Show
View Real Time Build Order
Export as new Build Order

Yata Protoss 

Build Orders: Zealot Archon 

Get SALT Encoding   

  87  0:00  Dark Templar x21, Ghost x12  
  87  0:03  Ghost x6  
  84  0:13  Marine x12  
  84  0:15  Marine x12  
  84  0:18  Marine x12  
  82  0:38  Unknown x31  
  138  0:40  Unknown x31  
  138  0:43  Unknown x31  
  251  0:53  Dark Templar x4  
  251  1:08  Ghost  
  8  1:10  Zealot  
  251  1:23  Marine x3  
  251  1:48  Unknown x11  
  114  2:23  Dark Templar x4  
  89  2:38  Ghost  
  83  2:40  Zealot  
  81  2:53  Marine x3  
  79  3:18  Unknown x11  
  97  3:53  Dark Templar x4  
  97  4:08  Ghost  
  26  4:10  Zealot  
  97  4:23  Marine x3  
  97  4:29  Sentry  
  94  4:48  Unknown x11  
  111  5:06  Unknown  
  82  5:23  Dark Templar x4  
  82  5:38  Ghost  
  82  5:40  Zealot  
  82  5:53  Marine x3  
  82  6:06  Archon  
  82  6:18  Unknown x14  
Show
View Real Time Build Order
Export as new Build Order

Kronos Terran 

Build Orders:  

Get SALT Encoding   

  64  0:53  Dark Templar x4  
  20  1:48  Unknown x3  
  2  2:23  Dark Templar x4  
  1  3:18  Unknown x3  
  11  3:49  Unknown  
  11  3:53  Dark Templar x4  
  11  4:48  Unknown x3  
  21  5:23  Dark Templar x4  
  21  6:18  Unknown x3  
Show
View Real Time Build Order
Export as new Build Order

LongestBoi Protoss 

Build Orders:  

Get SALT Encoding   

  1  4:02  Unknown  
Tags
 
Add a new tag
Caveats
  • Supply blocks, unpowered buildings, or Contaminate may cause inaccurate times.
  • Supply counts are checked every 10 seconds.